 Dungeon Crawl Stone Soup version 0.29.1-2-gbd0b4ee654 (webtiles) character file.

Game seed: 12522361900015919925

5871 croobank the Summoner (level 10, -8/77 HPs)
             Began as a Demonspawn Summoner on Oct 29, 2022.
             Was an Initiate of Gozag.
             Mangled by an orc warlord
             ... wielding a +4 battleaxe
              (24 damage)
             ... in a bailey.
             The game lasted 00:50:15 (11036 turns).

croobank the Summoner (Demonspawn Summoner)        Turns: 11036, Time: 00:50:15

Health: -8/77      AC: 12    Str:  9    XL:     10   Next: 52%
Magic:  16/20      EV: 18    Int: 21    God:    Gozag
Gold:   1374       SH:  0    Dex: 13    Spells: 9/22 levels left

rFire   + . .      SeeInvis +   J - +3 woodcutter's axe {vorpal}
rCold   + + .      Faith    .   (shield currently unavailable)
rNeg    . . .      Spirit   .   G - +2 robe {rC+ rF+}
rPois   .          Reflect  .   u - +1 helmet
rElec   .          Harm     .   (no cloak)
rCorr   .          Rampage  .   (no gloves)
Will    .....                   Q - +2 pair of boots
Stlth   ++........              S - amulet of Deunen {RegenMP rC+ Slay+3}
HPRegen 0.22/turn               m - ring of see invisible
MPRegen 0.57/turn               A - +4 ring of evasion

@: no status effects
A: slimy green scales 2, demonic touch 2
a: Renounce Religion, Potion Petition, Call Merchant, Bribe Branch


You were in a bailey.
You worshipped Gozag.
Gozag was most pleased with you.
You visited 1 branch of the dungeon, and saw 9 of its levels.
You also visited: Bailey.

You collected 1451 gold pieces.
You paid 77 gold pieces to Gozag.

Inventory:

Hand Weapons
 j - a +0 flail
 r - a +4 short sword of electrocution
 t - a +0 sling
 w - a +0 trident
 y - a +4 long sword of freezing
 C - a +0 broad axe
 J - the +3 woodcutter's axe (weapon) {vorpal}
   (You found it on level 6 of the Dungeon)

   It inflicts extra damage upon your enemies.
 O - a +4 battleaxe of freezing
 P - a +5 dire flail
Missiles
 x - 18 boomerangs (quivered)
Armour
 a - a +2 leather armour of willpower
 d - a +0 ring mail
 s - the +4 scale mail of the Hart {MP+9}
   (You found it on level 7 of the Dungeon)

   MP:        It affects your magic capacity (+9).
 u - a +1 helmet (worn)
 G - a +2 robe of resistance (worn)
 Q - a +2 pair of boots (worn)
Magical Staves
 o - a staff of poison
 I - a staff of earth
Jewellery
 m - a ring of see invisible (left hand)
 A - a +4 ring of evasion (right hand)
 B - a ring of willpower
 H - an amulet of regeneration
 R - a ring of protection from cold
 S - the amulet of Deunen (around neck) {RegenMP rC+ Slay+3}
   (You found it on level 8 of the Dungeon)

   [amulet of magic regeneration]

   It increases your rate of magic regeneration.
   Slay:      It affects your accuracy & damage with ranged weapons and melee
   (+3).
   rC:        It protects you from cold.
Wands
 b - a wand of charming (6)
 i - a wand of iceblast (6)
Scrolls
 g - 6 scrolls of teleportation
 k - 2 scrolls of fog
 p - a scroll of summoning
 D - 2 scrolls of fear
 K - 2 scrolls of poison
 L - a scroll of vulnerability
 M - a scroll of amnesia
 N - 3 scrolls of immolation
Potions
 c - 6 potions of curing
 e - 4 potions of brilliance
 f - a potion of attraction
 h - a potion of flight
 l - a potion of cancellation
 q - a potion of lignification
 v - 2 potions of heal wounds
 z - 2 potions of magic
 F - a potion of haste {unknown}
 T - a potion of might {unknown}


   Skills:
 + Level 6.9 Fighting
 + Level 4.2 Maces & Flails
 + Level 6.7 Dodging
 - Level 2.0 Stealth
 + Level 6.8 Spellcasting
 - Level 5.0 Hexes
 + Level 8.1 Summonings
 + Level 0.9 Air Magic


You had 9 spell levels left.
You knew the following spells:

 Your Spells              Type           Power      Damage    Failure   Level
a - Summon Small Mammal   Summ           100%       N/A       1%          1
b - Call Imp              Summ           41%        N/A       1%          2
c - Call Canine Familiar  Summ           41%        N/A       1%          3
d - Summon Guardian Gole  Hex/Summ       34%        N/A       1%          3
e - Summon Lightning Spi  Summ/Air       26%        N/A       14%         4

Your spell library contained the following spells:

 Spells                   Type           Power      Damage    Failure   Level
 Slow                     Hex            100%       N/A       1%          1
 Confusing Touch          Hex            28%        N/A       3%          3
 Vampiric Draining        Necr           7%         2d6       26%         3


Dungeon Overview and Level Annotations

Branches:
Dungeon (9/15)             Temple (0/1) D:6            Lair (0/5) D:8
 Bailey (1/1)
    Orc: D:9-12

Altars:
Gozag
Nemelex Xobeh

Shops:
D:6 =

Annotations:
D:5 3 runed translucent doors, RascalDebosk's ghost, novice DjGl


Innate Abilities, Weirdness & Mutations

You are mostly covered in slimy green scales. (AC +3)
Your touch may inflict irresistible damage on your foes.


Message History

The creatures around you are filled with an inner flame!
Aiming: Iceblast
Press: ? - help, Shift-Dir - straight line, f - orc warlord
Aim: an orc warlord, wielding a +4 battleaxe and wearing a +0 chain mail (heavily wounded, inner flame)
The mass of ice explodes!
The iceblast engulfs the orc warlord but does no damage.
The orc warlord is heavily wounded.
Aiming: Iceblast
Press: ? - help, Shift-Dir - straight line, f/p - orc warlord
Aim: an orc warlord, wielding a +4 battleaxe and wearing a +0 chain mail (heavily wounded, inner flame)
The mass of ice explodes!
The iceblast engulfs the orc warlord.
Flame seeps out of the orc warlord.
The orc warlord is heavily wounded.
The orc warlord is engulfed in blazing flames.
Flame seeps out of the orc warlord.
Aiming: Iceblast
Press: ? - help, Shift-Dir - straight line, f/p - orc warlord
Aim: an orc warlord, wielding a +4 battleaxe and wearing a +0 chain mail (severely wounded, inner flame)
The mass of ice explodes!
The iceblast engulfs the orc warlord but does no damage.
The orc warlord is severely wounded.
Aiming: Iceblast
Press: ? - help, Shift-Dir - straight line, f/p - orc warlord
Aim: an orc warlord, wielding a +4 battleaxe and wearing a +0 chain mail (severely wounded, inner flame)
Okay, then.
Casting: Call Canine Familiar (safe; 1% risk of failure)
Confirm with . or Enter, or press ? or * to list all spells.
A guardian golem appears, shielding your allies.
Casting: Summon Guardian Golem (safe; 1% risk of failure)
Confirm with . or Enter, or press ? or * to list all spells.
The orc warlord hits you with a +4 battleaxe!!
* * * LOW HITPOINT WARNING * * *
The orc warlord barely misses your wolf.
There is an open door here.
Things that are here:
a +0 hand axe; a +0 leather armour The orc warlord attacks as you move away!
The orc warlord hits you with a +4 battleaxe!!
You die...
Your body crumbles into a pile of gold.

♣♣♣ ♣♣♣∩♣♣♣
#####♣♣♣.....♣♣♣#####
##...##.........##...##
##.....##.......##.....## ≈≈♣♣
##.......##~~~~~##...8...##≈≈≈♣
#..8..8...#~~~~~#.........##≈≈♣
..........#~~~9~#).........#≈≈♣
..........'...ho@....8..8..#≈≈♣
..§8☼.....#########........#≈≈♣
#.§....####~~ ~~~##......##≈≈♣
##§§...#~~#~.....)~#.....##...♣
##....#~........?~#....##....♣
#...##~8.8...8.8##....#.....♣♣
#...'~~.........#.....'......♣
#...'~~....∩....#.....'...∩.∩♣
#).)'~(.........#.....'......♣


You could see an orc warlord (inner flame, ally target), a friendly guardian
golem (summoned) and a friendly wolf (summoned, sheltered).

Vanquished Creatures
  2 yaks (D:7)
  A steam dragon (D:7)
  A water moccasin (D:7)
  2 orc warriors
  2 centaurs
  A kobold brigand (D:6)
  A scorpion (D:5)
  4 wights (D:7)
  7 killer bees
  2 howler monkeys
  A hound (D:5)
  2 orc priests
  4 iguanas
  2 orc wizards
  An adder (D:6)
  4 gnolls
  A white imp (D:7)
  An ufetubus (D:5)
  A dart slug (D:4)
  9 orcs
  2 endoplasms
  2 giant cockroaches (D:2)
  2 goblins
  5 hobgoblins
  8 kobolds
  A quokka (D:5)
  A ball python (D:4)
  A frilled lizard (D:2)
71 creatures vanquished.

Vanquished Creatures (collateral kills)
  A two-headed ogre (D:8)
  A nameless horror (D:9)
  A wyvern (D:8)
  A yak (D:7)
  A water moccasin (D:7)
  Duvessa (D:5)
  A black bear (D:4)
  An orc warrior (Bailey)
  2 ogres
  A phantom (D:5)
  A bullfrog (D:8)
  A necrophage (D:5)
  Dowan (D:5)
  6 killer bees
  4 hounds
  4 orc priests
  2 iguanas
  6 orc wizards
  3 gnolls
  4 adders
  3 white imps
  A dart slug (D:1)
  23 orcs
  3 ball pythons
  4 endoplasms
  5 goblins
  10 hobgoblins
  A bat (D:2)
  5 frilled lizards
  18 kobolds
  2 rats (D:1)
118 creatures vanquished.

Vanquished Creatures (others)
  Menkaure (D:5)
  A water moccasin (D:5)
  3 orc warriors
  Blork the orc (D:5)
  13 wights (D:7)
  A killer bee (D:8)
  A jelly (D:5)
  2 orc priests
  An iguana (D:5)
  An orc (D:6)
  A goblin (Bailey)
  4 fungi (D:5)
30 creatures vanquished.

Grand Total: 219 creatures vanquished

Notes
Turn   | Place    | Note
-------+----------+-------------------------------------------
     0 | D:1      | croobank the Demonspawn Summoner began the quest for the
                  | Orb.
     0 | D:1      | Reached XP level 1. HP: 13/13 MP: 3/3
   168 | D:1      | Gained mutation: You are partially covered in slimy green
                  | scales. (AC +2) [demonic ancestry]
   168 | D:1      | Reached XP level 2. HP: 19/19 MP: 3/5
   171 | D:1      | Learned a level 2 spell: Call Imp
  1367 | D:2      | Found a faded altar of an unknown god.
  1373 | D:2      | Reached XP level 3. HP: 25/25 MP: 3/6
  1833 | D:3      | Learned a level 3 spell: Call Canine Familiar
  1854 | D:3      | Reached skill level 1 in Fighting
  1854 | D:3      | Reached XP level 4. HP: 6/32 MP: 0/7
  2874 | D:4      | Noticed a black bear
  2935 | D:4      | Gained mutation: Your touch may inflict minor irresistible
                  | damage on your foes. [demonic ancestry]
  2935 | D:4      | Reached XP level 5. HP: 38/38 MP: 0/9
  3140 | D:4      | Learned a level 3 spell: Summon Guardian Golem
  3286 | D:4      | Killed a black bear
  3287 | D:4      | Reached skill level 1 in Hexes
  3545 | D:4      | Gained mutation: Your touch may inflict irresistible damage
                  | on your foes. [demonic ancestry]
  3545 | D:4      | Reached XP level 6. HP: 45/45 MP: 10/10
  3722 | D:5      | Entered Level 5 of the Dungeon
  3733 | D:4      | Reached skill level 5 in Summonings
  3910 | D:5      | Noticed Blork the orc
  4050 | D:5      | Killed Blork the orc
  4810 | D:5      | Reached XP level 7. HP: 43/52 MP: 12/12
  4866 | D:5      | Noticed Menkaure
  4907 | D:5      | Killed Menkaure
  5340 | D:5      | Found an opulent altar of Gozag.
  5366 | D:5      | Became a worshipper of Gozag Ym Sagoz the Greedy
  5430 | D:5      | Noticed Duvessa
  5729 | D:5      | Reached XP level 8. HP: 48/60 MP: 10/14
  5882 | D:5      | Found a runed translucent gate.
  5882 | D:5      | Found a runed translucent gate.
  5882 | D:5      | Found a runed translucent gate.
  5885 | D:5      | Noticed RascalDebosk's ghost (novice DjGl)
  6203 | D:5      | Reached skill level 6 in Summonings
  6574 | D:5      | Noticed Dowan
  6620 | D:5      | Killed Duvessa
  6649 | D:5      | Killed Dowan
  6889 | D:6      | Found Are Jibbuma's Jewellery Shop.
  6935 | D:6      | Found the +3 woodcutter's axe {vorpal}
  7166 | D:6      | Reached skill level 5 in Spellcasting
  7298 | D:6      | Reached skill level 5 in Dodging
  7302 | D:6      | Found a staircase to the Ecumenical Temple.
  7339 | D:6      | Found a sparkling altar of Nemelex Xobeh.
  7723 | D:6      | Reached skill level 1 in Maces & Flails
  7892 | D:7      | Reached skill level 5 in Fighting
  7937 | D:7      | Gained mutation: You are mostly covered in slimy green
                  | scales. (AC +3) [demonic ancestry]
  7937 | D:7      | Reached XP level 9. HP: 68/68 MP: 16/16
  7986 | D:7      | Identified the +4 scale mail of the Hart {MP+9}
  8215 | D:7      | Reached skill level 7 in Summonings
  8331 | D:7      | Reached skill level 5 in Hexes
  9107 | D:8      | Found a staircase to the Lair.
  9163 | D:7      | Reached XP level 10. HP: 61/66 MP: 13/19
  9654 | D:8      | Identified the amulet of Deunen {RegenMP rC+ Slay+3}
  9790 | D:8      | Noticed a two-headed ogre
  9803 | D:8      | Learned a level 4 spell: Summon Lightning Spire
  9859 | D:8      | Killed a two-headed ogre
  9860 | D:8      | Reached skill level 8 in Summonings
 10424 | D:9      | Found a flagged portal.
 10433 | Bailey   | Entered a bailey
 10451 | Bailey   | Noticed an orc warlord
 10498 | Bailey   | Found a runed translucent gate.
 10498 | Bailey   | Found a runed translucent gate.
 10498 | Bailey   | Found a runed translucent gate.
 11036 | Bailey   | Mangled by an orc warlord

Illustrated notes

Levels and vault maps discovered:
D:1:      amcnicky_arrival_abandoned_market, layout_rooms
D:2:      layout_loops_cross, dreamdust_ecumenical_altar_hidden_monk_grotto
D:3:      layout_rooms
D:4:      layout_loops_ring, serial_glass, glass_columns_b, glass_columns_c
D:5:      nicolae_cairo_tiling, layout_loops_ring, amcnicky_altar_gilded,
          gammafunk_ghost_nasty_kobolds, hangedman_abyss_or_decor_passed,
          grunt_ministairs_8, uniq_duvessa, uniq_menkaure, uniq_blork_the_orc
D:6:      layout_basic, old_standard_altar,
          minmay_temple_entry_statues_fountains, serial_shops,
          nicolae_take_the_stairs
D:7:      layout_loops_ring, minmay_misc_feat_nine_boxes,
          minmay_misc_feat_columns, minmay_puff
D:8:      layout_cave_pools, lair_entry_dummy
D:9:      layout_stronghold, nicolae_vehumet_altar_sigil, enter_bailey_8,
          serial_shops, nicolae_shop_bloodbath_and_beyond, uniq_grum
Bailey:   bailey_axe_bossmonster_kennysheep, bailey

Skill      XL: |  1  2  3  4  5  6  7  8  9 10 |
---------------+-------------------------------+-----
Stealth        | 2 |  2.0
Dodging        | 2 3 4 5 6 |  6.7
Fighting       | 1 2 3 5 6 |  6.9
Spellcasting   | 3 4 5 6 |  6.8
Hexes          | 1 2 3 4 5 |  5.0
Summonings     | 5 6 7 8 |  8.1
Maces & Flails | 1 3 4 |  4.2
Air Magic      | |  0.9

Action                   |  1- 3 |  4- 6 |  7- 9 | 10-12 || total
-------------------------+-------+-------+-------+-------++-------
Melee: Unarmed           |    17 |       |     4 |       ||    21
       Dagger            |     6 |       |       |       ||     6
       Flail             |     5 |       |       |       ||     5
       Short sword       |    15 |    30 |    46 |       ||    91
       Touch             |       |     2 |     6 |       ||     8
       Battleaxe         |       |       |   125 |    99 ||   224
       Punch             |       |       |     1 |       ||     1
Throw: Throwing net      |       |       |       |     1 ||     1
 Cast: Summon Small Mamm |    47 |    26 |    42 |    10 ||   125
       Call Imp          |     6 |     6 |     6 |     5 ||    23
       Call Canine Famil |     2 |    24 |    43 |    16 ||    85
       Summon Guardian G |       |     3 |    24 |     8 ||    35
       Summon Lightning  |       |       |       |     1 ||     1
Evoke: Wand              |       |       |       |     3 ||     3
  Use: Potion            |     1 |       |     2 |       ||     3
       Scroll            |       |     2 |    18 |     5 ||    25
 Stab: Sleeping          |     2 |     4 |     3 |       ||     9
       Distracted        |       |     1 |     1 |       ||     2
Armor: Robe              |    25 |    13 |    47 |    51 ||   136
Dodge: Dodged            |    41 |    42 |   167 |   174 ||   424
